 Dungeon Crawl Stone Soup version 0.30.1-4-g462c640d31 (webtiles) character file.

Game seed: 4019544186054227855

109 ChiefBigBeans the Conjurer (level 4, -6/24 HPs)
             Began as a Deep Elf Conjurer on Sept 12, 2023.
             Mangled by Sigmund
             ... wielding a +0 scythe
              (12 damage)
             ... on level 3 of the Dungeon.
             The game lasted 00:04:16 (2989 turns).

ChiefBigBeans the Conjurer (Deep Elf Conjurer)      Turns: 2989, Time: 00:04:17

Health: -6/24      AC:  2    Str:  4      XL:     4   Next: 59%
Magic:  6/12       EV: 12    Int: 31      God:
Gold:   101        SH:  0    Dex: 11 (13) Spells: 10/11 levels left

rFire   . . .        (no weapon)
rCold   . . .        (no shield)
rNeg    . . .        a - +0 robe
rPois   .            (no helmet)
rElec   .            (no cloak)
rCorr   .            (no gloves)
SInv    .            (no boots)
Will    .....        (no amulet)
Stlth   ++           d - +6 ring of intelligence
HPRegen 0.24/turn    (no ring)
MPRegen 0.13/turn

%: no passive effects
@: no status effects
A: no striking features
a: no special abilities


You were on level 3 of the Dungeon.
You visited 1 branch of the dungeon, and saw 3 of its levels.

You collected 101 gold pieces.

Inventory:

Hand Weapons
 g - a +0 trident of protection
Armour
 a - a +0 robe (worn)
Jewellery
 d - a +6 ring of intelligence (left hand)
 h - a ring of protection from fire
Potions
 b - a potion of magic
 c - a potion of lignification
 f - a potion of heal wounds
 i - 2 potions of curing


   Skills:
 + Level 3.6 Dodging
 + Level 3.8 Stealth
 + Level 4.0 Spellcasting
 + Level 5.0 Conjurations


You had 10 spell levels left.
You knew the following spells:

 Your Spells              Type           Power      Damage    Failure   Level
a - Magic Dart            Conj           100%       1d8       1%          1

Your spell library contained the following spells:

 Spells                   Type           Power      Damage    Failure   Level
 Searing Ray              Conj           74%        2d7       1%          2
 Dazzling Flash           Conj/Hex       42%        N/A       6%          3
 Fulminant Prism          Conj/Hex       10%        3d9       22%         4
 Iskenderun's Mystic Bla  Conj/Tloc      21%        2d6       22%         4


Dungeon Overview and Level Annotations

Branches:
Dungeon (3/15)

Altars:

Annotations:
D:3 Sigmund


Message History

You're too confused to cast spells.
You're too confused to move!
You're too confused to move!
You bump into the rock wall.
You feel less confused. Sigmund gestures at you while chanting.
The puff of flame hits you!
Ouch! That really hurt!
You are too injured to fight recklessly!
You are too injured to fight recklessly!
Aiming: Magic Dart (safe; 1% risk of failure)
Press: ? - help, Q - select action Shift-Dir - straight line, f/p - Sigmund
Aim: Sigmund, wielding a +0 scythe and wearing a +0 robe (moderately wounded, 100% to hit)
The magic dart hits Sigmund.
Sigmund is heavily wounded.
Aiming: Magic Dart (safe; 1% risk of failure)
Press: ? - help, Q - select action Shift-Dir - straight line, f/p - Sigmund
Aim: Sigmund, wielding a +0 scythe and wearing a +0 robe (heavily wounded, 100% to hit)
The magic dart hits Sigmund.
Sigmund is severely wounded.
Aiming: Magic Dart (safe; 1% risk of failure)
Press: ? - help, Q - select action Shift-Dir - straight line, f/p - Sigmund
Aim: Sigmund, wielding a +0 scythe and wearing a +0 robe (severely wounded, 100% to hit)
The magic dart hits Sigmund.
Sigmund is severely wounded.
Sigmund hits you from afar with a +0 scythe!
* * * LOW HITPOINT WARNING * * *
Aiming: Magic Dart (safe; 1% risk of failure)
Press: ? - help, Q - select action Shift-Dir - straight line, f/p - Sigmund
Aim: Sigmund, wielding a +0 scythe and wearing a +0 robe (severely wounded, 100% to hit)
The magic dart hits Sigmund.
Sigmund is almost dead.
Aiming: Magic Dart (safe; 1% risk of failure)
Press: ? - help, Q - select action Shift-Dir - straight line, f/p - Sigmund
Aim: Sigmund, wielding a +0 scythe and wearing a +0 robe (almost dead, 100% to hit)
The magic dart hits Sigmund but does no damage.
Sigmund is almost dead.
Sigmund hits you from afar with a +0 scythe!
Ouch! That really hurt!
You die...

#.#..........#########.#
#...##.......#########.####
########.###)#####...............
.....# #.# #.# ##########..####
####.# #.# #)# #......#
####.###.# #.# #..###.#
.##...##.###.######## #..# #
....................######..#
###...##.###.###@.@.........#
##.###.##......##.#######.# . #)#
#.##..######.#######†###.#
####.###.##..# #..............
.....##...#..# #########[##.##
###.....#....# #.##.#
#.###...#÷## #.##.# ##.####.##.#
#######.##.# ##...###.##.#
....)......##


You could see Sigmund.

Vanquished Creatures
  3 adders
  A worm (D:3)
  3 dart slugs
  3 orcs (D:3)
  11 endoplasms
  A giant cockroach (D:1)
  8 goblins
  7 hobgoblins
  3 jackals (D:3)
  4 quokkas
  4 ball pythons
  3 bats (D:2)
  5 frilled lizards
  5 kobolds
  5 rats
66 creatures vanquished.

Notes
Turn   | Place    | Note
-------+----------+-------------------------------------------
     0 | D:1      | ChiefBigBeans the Deep Elf Conjurer began the quest for the
                  | Orb.
     0 | D:1      | Reached XP level 1. HP: 10/10 MP: 6/6
   139 | D:1      | Reached XP level 2. HP: 15/15 MP: 5/8
   700 | D:1      | Reached XP level 3. HP: 19/19 MP: 7/10
  2078 | D:3      | Reached XP level 4. HP: 24/24 MP: 7/11
  2550 | D:3      | Reached skill level 5 in Conjurations
  2871 | D:3      | Noticed Sigmund
  2989 | D:3      | Mangled by Sigmund

Illustrated notes

Levels and vault maps discovered:
D:1:      roderic_dead_forest, layout_basic, minmay_domino_4
D:2:      layout_loops_ring
D:3:      layout_loops_ring, uniq_sigmund

Skill      XL: |  1  2  3  4 |
---------------+-------------+-----
Stealth        | 3 |  3.8
Dodging        | 3 |  3.6
Spellcasting   | 4 |  4.0
Conjurations   | 5 |  5.0

Action                     |  1- 3 |  4- 6 || total
---------------------------+-------+-------++-------
   Cast: Magic Dart        |    76 |    57 ||   133
    Use: Scroll            |     4 |     3 ||     7
         Potion            |     3 |       ||     3
  Dodge: Dodged            |     7 |     2 ||     9
